Map: Blueshift LE

Players

ParagonPasT - Winner!

  • Race: Zerg Zerg
  • League: Master
  • Spawn Location: 7:00

A.I. 2 (Elite)

  • Race: Terran Terran
  • Spawn Location: 1:00

VOD

Have the link to the VOD?

Description

Time

  • Played on: Aug. 21, 2018, 8:29 p.m.
  • Length: 10:34
Show
View Real Time Build Order
Export as new Build Order

ParagonPasT Zerg - Winner!

Build Orders: Hatch First 

Get SALT Encoding   

  12  0:00  Drone  
  13  0:12  Overlord  
  13  0:17  Drone  
  14  0:30  Drone x2  
  14  0:34  Drone  
  17  0:52  Hatchery  
  17  0:54  Drone  
  17  0:57  Drone  
  18  1:08  Extractor  
  17  1:12  Spawning Pool  
  17  1:14  Drone  
  17  1:17  Drone  
  18  1:27  Drone  
  19  1:38  Overlord  
  19  1:50  Drone  
  20  1:58  Queen  
  20  2:00  Zergling x2  
  23  2:04  Queen  
  23  2:05  Zergling x2  
  26  2:08  Metabolic Boost  
  26  2:10  Zergling x2  
  27  2:15  Drone  
  27  2:21  Drone  
  29  2:25  Drone  
  30  2:34  Queen  
  32  2:37  Overlord  
  32  2:39  Queen  
  32  2:42  Overlord  
  34  2:45  Drone  
  34  2:47  Drone  
  36  3:02  Hatchery  
  35  3:07  Drone  
  35  3:08  Drone x2  
  38  3:13  Drone x2  
  38  3:15  Drone  
  38  3:17  Drone  
  38  3:19  Drone  
  43  3:23  Drone  
  43  3:24  Drone  
  45  3:28  Extractor  
  44  3:35  Roach Warren  
  43  3:42  Overlord x2  
  43  3:43  Overlord  
  43  4:19  Roach  
  43  4:20  Roach x10  
  43  4:21  Roach  
  67  4:29  Overlord  
  67  4:30  Zergling x2  
  67  4:31  Zergling x6  
  71  4:38  Zergling x2  
  72  4:42  Zergling x4  
  74  4:47  Lair  
  74  4:49  Extractor  
  74  4:50  Drone x3, Extractor  
  75  4:53  Drone  
  75  4:55  Drone  
  75  4:57  Drone  
  75  4:59  Drone  
  79  5:01  Drone  
  79  5:03  Drone  
  79  5:06  Drone  
  78  5:08  Drone  
  78  5:11  Drone  
  78  5:13  Drone  
  76  5:26  Evolution Chamber x2, Overlord  
  76  5:27  Baneling Nest  
  73  5:34  Drone, Overlord  
  74  5:41  Drone  
  74  5:42  Drone x2  
  64  5:51  Zerg Missile Weapons Level 1  
  64  5:53  Zerg Ground Armor Level 1, Hydralisk Den  
  64  5:56  Drone x2  
  59  6:01  Drone  
  59  6:02  Drone x2  
  59  6:04  Drone  
  59  6:06  Drone  
  59  6:08  Drone  
  59  6:09  Drone  
  59  6:11  Drone  
  61  6:12  Drone  
  61  6:14  Drone  
  63  6:18  Centrifical Hooks  
  63  6:20  Drone  
  63  6:21  Drone  
  65  6:29  Drone x4  
  65  6:30  Drone  
  70  6:35  Muscular Augments  
  70  6:36  Overlord  
  70  6:39  Hydralisk  
  72  6:41  Hydralisk  
  72  6:46  Hydralisk, Extractor  
  75  6:47  Extractor  
  75  6:48  Hydralisk  
  75  6:49  Hydralisk  
  75  6:52  Hydralisk  
  81  6:54  Overlord  
  81  6:56  Hydralisk  
  81  7:00  Drone  
  81  7:01  Drone, Hydralisk  
  85  7:04  Drone  
  88  7:11  Hydralisk  
  88  7:13  Hydralisk  
  88  7:15  Hydralisk  
  92  7:16  Hydralisk, Hatchery  
  92  7:20  Hydralisk  
  92  7:21  Hydralisk  
  99  7:25  Hydralisk  
  99  7:27  Hydralisk  
  99  7:29  Overlord  
  103  7:32  Hydralisk  
  105  7:40  Overlord x2  
  105  7:41  Zergling x2  
  106  7:48  Zergling x2  
  106  7:49  Zergling x14  
  114  7:53  Zerg Missile Weapons Level 2  
  114  7:55  Infestation Pit  
  114  7:56  Zerg Ground Armor Level 2  
  113  8:10  Overlord x4  
  113  8:11  Hydralisk, Overlord  
  115  8:17  Grooved Spines  
  115  8:20  Baneling  
  115  8:21  Baneling x8  
  115  8:23  Baneling  
  115  8:25  Zergling x2  
  115  8:26  Zergling x8  
  120  8:34  Hydralisk  
  120  8:35  Hydralisk x2  
  120  8:40  Hydralisk  
  120  8:41  Hydralisk  
  128  8:44  Hydralisk  
  128  8:46  Zergling x2  
  128  8:47  Zergling x8  
  137  8:49  Zergling x2  
  137  8:50  Zergling x4  
  139  8:56  Hydralisk x3  
  139  9:00  Hydralisk  
  147  9:06  Hydralisk  
  147  9:07  Hydralisk  
  147  9:08  Zergling x2  
  147  9:09  Zergling x8  
  150  9:13  Zergling x2  
  150  9:15  Zergling x8  
  155  9:20  Queen  
  155  9:21  Drone x2  
  155  9:22  Drone  
  155  9:23  Extractor  
  159  9:24  Extractor  
  159  9:26  Drone x2  
  159  9:28  Extractor  
  159  9:29  Drone  
  159  9:30  Drone x2  
  162  9:32  Drone  
  162  9:35  Drone x3  
  162  9:36  Drone  
  165  9:41  Drone x4  
  165  9:45  Drone x2  
  168  9:47  Drone  
  168  9:48  Drone  
  169  10:05  Hatchery  
  168  10:08  Overlord x2  
  168  10:09  Overlord x2  
  168  10:11  Overlord  
Show
View Real Time Build Order
Export as new Build Order

A.I. 2 (Elite) Terran 

Build Orders: Command Center First (CC), MMM Bio 

Get SALT Encoding   

  12  0:00  SCV  
  13  0:13  SCV  
  14  0:18  Supply Depot  
  14  0:25  SCV  
  15  0:39  SCV  
  16  0:52  SCV  
  17  1:03  Command Center  
  17  1:04  SCV  
  18  1:16  Barracks  
  18  1:17  SCV  
  19  1:45  Supply Depot  
  19  1:49  Refinery  
  19  1:51  SCV  
  20  2:02  Marine  
  20  2:03  Orbital Command  
  21  2:10  Barracks  
  21  2:15  SCV  
  22  2:19  Refinery  
  22  2:20  Marine  
  23  2:27  SCV  
  24  2:37  Supply Depot  
  24  2:38  SCV, Marine  
  26  2:47  Orbital Command  
  26  2:52  SCV  
  26  2:56  Marine  
  26  2:57  Marine  
  29  3:04  SCV, Factory  
  30  3:13  SCV  
  30  3:14  Marine x2  
  30  3:17  SCV  
  34  3:25  SCV  
  35  3:29  SCV  
  35  3:31  Marine  
  35  3:32  Marine  
  35  3:33  Barracks  
  38  3:37  SCV  
  38  3:41  SCV  
  40  3:48  Factory Tech Lab  
  40  3:49  SCV  
  40  3:53  SCV, Barracks Tech Lab x2, Starport  
  42  4:02  SCV  
  43  4:05  SCV  
  44  4:11  Marine x2  
  44  4:12  Supply Depot  
  44  4:13  Stimpack  
  44  4:14  Combat Shields  
  46  4:17  SCV  
  46  4:19  SCV  
  46  4:21  Marine  
  49  4:29  SCV, Marine x2  
  49  4:31  Supply Depot, SCV  
  53  4:34  Medivac  
  55  4:41  SCV  
  55  4:43  SCV  
  57  4:47  Supply Depot, Siege Tank, Marine  
  57  4:48  Marine  
  57  4:52  Marine  
  63  4:53  SCV  
  63  4:55  SCV  
  63  4:57  Supply Depot  
  65  5:04  Refinery  
  65  5:05  Marauder  
  65  5:07  SCV, Marauder  
  67  5:11  SCV, Refinery, Marine  
  58  5:19  SCV  
  56  5:23  SCV  
  56  5:26  Marauder  
  56  5:27  Marine  
  59  5:29  Marine  
  59  5:31  SCV  
  46  5:45  Marine  
  46  5:47  Marine  
  46  5:48  Marauder  
  38  6:03  Marine  
  37  6:06  Marine  
  37  6:09  Marine  
  39  6:19  SCV  
  39  6:21  SCV, Marine  
  39  6:24  Barracks Reactor  
  42  6:27  Marauder  
  42  6:31  SCV  
  45  6:33  SCV  
  45  6:39  Marauder, Engineering Bay  
  48  6:43  SCV  
  48  6:46  SCV  
  50  6:48  Marine  
  51  6:56  SCV  
  51  6:59  SCV  
  51  7:00  Marine  
  51  7:01  Marauder  
  56  7:06  Marauder  
  56  7:07  Terran Infantry Weapons Level 1, Marine  
  56  7:08  SCV  
  60  7:11  SCV  
  61  7:20  SCV  
  61  7:22  Marauder  
  64  7:23  SCV  
  64  7:28  Marauder  
  67  7:32  SCV  
  67  7:35  SCV  
  69  7:42  Concussive Shells  
  69  7:43  Marauder, Marine  
  72  7:44  SCV  
  72  7:46  Engineering Bay  
  72  7:47  SCV  
  72  7:48  Marine  
  75  7:56  SCV  
  76  8:03  Command Center  
  76  8:09  SCV  
  77  8:15  SCV  
  77  8:16  Supply Depot  
  78  8:21  SCV, Marauder  
  81  8:27  SCV  
  81  8:31  Siege Tank  
  81  8:33  SCV  
  86  8:39  SCV  
  86  8:40  Supply Depot  
  87  8:45  SCV  
  88  8:49  Missile Turret  
  88  8:53  Missile Turret  
  88  9:01  Barracks, Starport Reactor  
  88  9:03  Siege Tank  
  88  9:06  Marine x2  
  88  9:08  Marine  
  67  9:10  Marine  
  67  9:17  SCV  
  60  9:19  SCV  
  60  9:21  SCV  
  60  9:23  Marine  
  60  9:24  Marauder  
  60  9:28  Marine  
  60  9:29  SCV  
  56  9:36  Marine  
  51  9:44  Marine  
  39  9:50  Marine  
  25  9:53  SCV  
  25  9:54  SCV  
  25  9:58  SCV  
  17  10:10  SCV  
Tags
 
Add a new tag
Caveats
  • Supply blocks, unpowered buildings, or Contaminate may cause inaccurate times.
  • Supply counts are checked every 10 seconds.